PAA
SAN ANTONIO BC @ LANNISTER UNITED LIONHEARTS
08/18/2027
 
TOP OF THE 1ST
San Antonio BC batting - Pitching for Lannister United Lionhearts : LHP Stanford McCain
Pitching: LHP Stanford McCain
Batting: LHB Earl Wiley 0-0: Ground out 4-3 (Groundball, 4D)
Batting: RHB Abraham Phelps 0-0: Called Strike
0-1: Swinging Strike
0-2: Foul Ball, location: 2F
0-2: Ball
1-2: Ball
2-2: Ground out 5-3 (Groundball, 5S)
Batting: RHB Freddy Torres 0-0: Ball
1-0: Called Strike
1-1: Ball
2-1: SINGLE (Groundball, 6MD)
Batting: LHB Stefan Vanderhoof 0-0: Fly out, F8 (Flyball, 8LS)
Top of the 1st over - 0 run(s), 1 hit(s), 0 error(s), 1 left on base; San Antonio 0 - Lannister United 0
BOTTOM OF THE 1ST
Lannister United Lionhearts batting - Pitching for San Antonio BC : RHP Jim Unknown
Pitching: RHP Jim Unknown
Batting: RHB Felipe Campos 0-0: Foul Ball, location: 2F
0-1: Called Strike
0-2: Strikes out swinging
Batting: RHB Neil Sanderson 0-0: Called Strike
0-1: Fly out, F9 (Flyball, 9S)
Batting: SHB Daniel Godart 0-0: Called Strike
0-1: Ball
1-1: Called Strike
1-2: Strikes out swinging
Bottom of the 1st over - 0 run(s), 0 hit(s), 0 error(s), 0 left on base; San Antonio 0 - Lannister United 0
TOP OF THE 2ND
San Antonio BC batting - Pitching for Lannister United Lionhearts : LHP Stanford McCain
Batting: RHB Ismael Sandoval 0-0: Ball
1-0: SINGLE (Groundball, 56D)
Batting: LHB Dawit Lihalakha 0-0: Called Strike
0-1: Ball
1-1: Ball
2-1: Foul Ball, location: 2F
2-2: Strikes out swinging
Batting: RHB Phil Dougherty 0-0: Called Strike
0-1: Foul Ball, location: 2F
0-2: Fly out, F7 (Line Drive, 7LM)
Lined into DP, 7-3 (Line Drive, 7LM)
Top of the 2nd over - 0 run(s), 1 hit(s), 0 error(s), 0 left on base; San Antonio 0 - Lannister United 0
BOTTOM OF THE 2ND
Lannister United Lionhearts batting - Pitching for San Antonio BC : RHP Jim Unknown
Batting: RHB Rob Berry 0-0: Reached on error, E5 (Groundball, 5)
Batting: LHB Steven Mitchell 0-0: Called Strike
0-1: Called Strike
0-2: Grounds into double play, 1-4-3 (Groundball, 15S)
Batting: RHB Charlie Rhodes 0-0: Called Strike
0-1: Ball
1-1: Called Strike
1-2: Strikes out looking
Bottom of the 2nd over - 0 run(s), 0 hit(s), 1 error(s), 0 left on base; San Antonio 0 - Lannister United 0
TOP OF THE 3RD
San Antonio BC batting - Pitching for Lannister United Lionhearts : LHP Stanford McCain
Batting: SHB Esteban Borsellino 0-0: Swinging Strike
0-1: Bunt missed!
0-2: Ground out 5-3 (Groundball, 56S)
Batting: RHB Manny Álvarez 0-0: Ground out 4-3 (Groundball, 4)
Batting: LHB Earl Wiley 0-0: Ball
1-0: Called Strike
1-1: Ball
2-1: Fly out, F7 (Flyball, 78M)
Top of the 3rd over - 0 run(s), 0 hit(s), 0 error(s), 0 left on base; San Antonio 0 - Lannister United 0
BOTTOM OF THE 3RD
Lannister United Lionhearts batting - Pitching for San Antonio BC : RHP Jim Unknown
Batting: RHB Albert Covington 0-0: Swinging Strike
0-1: Swinging Strike
0-2: Ball
1-2: Foul Ball, location: 2F
1-2: Foul Ball, location: 2F
1-2: Ball
2-2: Ground out 6-3 (Groundball, 6)
Batting: RHB Seth Rollins 0-0: Called Strike
0-1: Ground out 5-3 (Groundball, 56S)
Batting: LHB Jeff Lawson 0-0: SINGLE (Groundball, 6M) (infield hit)
Batting: RHB Felipe Campos 0-0: Called Strike
0-1: Foul Ball, location: 2F
0-2: Ball
1-2: Ball
Jeff Lawson steals 2nd base
2-2: Ground out 5-3 (Groundball, 56)
Bottom of the 3rd over - 0 run(s), 1 hit(s), 0 error(s), 1 left on base; San Antonio 0 - Lannister United 0
TOP OF THE 4TH
San Antonio BC batting - Pitching for Lannister United Lionhearts : LHP Stanford McCain
Batting: RHB Abraham Phelps 0-0: Called Strike
0-1: Swinging Strike
0-2: Foul Ball, location: 2F
0-2: Ball
1-2: Foul Ball, location: 2F
1-2: Strikes out swinging
Batting: RHB Freddy Torres 0-0: Ball
1-0: Ground out 5-3 (Groundball, 56)
Batting: LHB Stefan Vanderhoof 0-0: Swinging Strike
0-1: Ball
1-1: Ball
2-1: SINGLE (Groundball, 25) (infield hit)
Batting: RHB Ismael Sandoval 0-0: Called Strike
0-1: Ground out 1-3 (Groundball, P)
Top of the 4th over - 0 run(s), 1 hit(s), 0 error(s), 1 left on base; San Antonio 0 - Lannister United 0
BOTTOM OF THE 4TH
Lannister United Lionhearts batting - Pitching for San Antonio BC : RHP Jim Unknown
Batting: RHB Neil Sanderson 0-0: SINGLE (Groundball, 6MD)
Batting: SHB Daniel Godart 0-0: Called Strike
0-1: Foul Ball, location: 2F
0-2: Foul Ball, location: 2F
0-2: Fly out, F9 (Line Drive, 9)
Batting: RHB Rob Berry 0-0: Ball
1-0: Grounds into double play, 6-4-3 (Groundball, 6)
Bottom of the 4th over - 0 run(s), 1 hit(s), 0 error(s), 0 left on base; San Antonio 0 - Lannister United 0
TOP OF THE 5TH
San Antonio BC batting - Pitching for Lannister United Lionhearts : LHP Stanford McCain
Batting: LHB Dawit Lihalakha 0-0: Called Strike
0-1: Swinging Strike
0-2: Strikes out swinging
Batting: RHB Phil Dougherty 0-0: Called Strike
0-1: Ground out 4-3 (Groundball, 4)
Batting: SHB Esteban Borsellino 0-0: Ball
1-0: Ball
2-0: Ball
3-0: Called Strike
3-1: Foul Ball, location: 2F
3-2: Strikes out swinging
Top of the 5th over - 0 run(s), 0 hit(s), 0 error(s), 0 left on base; San Antonio 0 - Lannister United 0
BOTTOM OF THE 5TH
Lannister United Lionhearts batting - Pitching for San Antonio BC : RHP Jim Unknown
Batting: LHB Steven Mitchell 0-0: Ball
1-0: Called Strike
1-1: Called Strike
1-2: Strikes out swinging
Batting: RHB Charlie Rhodes 0-0: Called Strike
0-1: Ball
1-1: Foul Ball, location: 2F
1-2: Ball
2-2: Foul Ball, location: 2F
2-2: Ball
3-2: Ground out 4-3 (Groundball, 4)
Batting: RHB Albert Covington 0-0: Called Strike
0-1: Foul Ball, location: 2F
0-2: Ground out 5-3 (Groundball, 56)
Bottom of the 5th over - 0 run(s), 0 hit(s), 0 error(s), 0 left on base; San Antonio 0 - Lannister United 0
TOP OF THE 6TH
San Antonio BC batting - Pitching for Lannister United Lionhearts : LHP Stanford McCain
Batting: RHB Manny Álvarez 0-0: Ball
1-0: Ball
2-0: Foul Ball, location: 2F
2-1: Called Strike
2-2: Ball
3-2: Foul Ball, location: 2F
3-2: Ground out 1-3 (Groundball, P)
Batting: LHB Earl Wiley 0-0: Ball
1-0: Fly out, F1 (Line Drive, 15)
Batting: RHB Abraham Phelps 0-0: Fly out, F9 (Line Drive, 9LM)
Top of the 6th over - 0 run(s), 0 hit(s), 0 error(s), 0 left on base; San Antonio 0 - Lannister United 0
BOTTOM OF THE 6TH
Lannister United Lionhearts batting - Pitching for San Antonio BC : RHP Jim Unknown
Batting: RHB Seth Rollins 0-0: Ball
1-0: Ball
2-0: Ball
3-0: Called Strike
3-1: Ground out 4-3 (Groundball, 4)
Batting: LHB Jeff Lawson 0-0: Ball
1-0: SINGLE (Line Drive, 34D)
Batting: RHB Felipe Campos 0-0: Called Strike
0-1: Ball
1-1: Ball
2-1: Fly out, F8 (Flyball, 8RS)
Batting: RHB Neil Sanderson 0-0: Ball
1-0: Swinging Strike
1-1: Ball
2-1: Foul Ball, location: 2F
2-2: Ball
3-2: Ground out 4-3 (Groundball, 4)
Bottom of the 6th over - 0 run(s), 1 hit(s), 0 error(s), 1 left on base; San Antonio 0 - Lannister United 0
TOP OF THE 7TH
San Antonio BC batting - Pitching for Lannister United Lionhearts : LHP Stanford McCain
Batting: RHB Freddy Torres 0-0: Ground out 5-3 (Groundball, 56)
Pinch Hitting: SHB Anastasio Delgadilo 0-0: Called Strike
0-1: Ball
1-1: Ball
2-1: SINGLE (Line Drive, 78M)
Batting: RHB Ismael Sandoval 0-0: Ball
Anastasio Delgadilo steals 2nd base
1-0: Ball
2-0: Called Strike
2-1: Foul Ball, location: 2F
2-2: Fly out, F8 (Flyball, 89M)
Batting: LHB Dawit Lihalakha 0-0: Ball
1-0: Foul Ball, location: 2F
1-1: Foul Ball, location: 2F
1-2: Ball
2-2: Foul Ball, location: 2F
2-2: SINGLE (Groundball, 4MD)
Anastasio Delgadilo to third
Runner from 3rd tries for Home, SAFE, no throw
Batting: RHB Phil Dougherty 0-0: Called Strike
0-1: SINGLE (Groundball, 56D)
Dawit Lihalakha to second
Pinch Hitting: RHB António Pérez 0-0: Ball
1-0: Ball
2-0: Foul Ball, location: 2F
2-1: Called Strike
2-2: SINGLE (Groundball, 6MD)
Dawit Lihalakha to third
Phil Dougherty to second
Runner from 3rd tries for Home, SAFE, throw made at trailing runner, OUT at third!
Top of the 7th over - 2 run(s), 4 hit(s), 0 error(s), 1 left on base; San Antonio 2 - Lannister United 0
BOTTOM OF THE 7TH
Lannister United Lionhearts batting - Pitching for San Antonio BC : RHP Jim Unknown
Now at 2B: Anastasio Delgadilo
Now in LF: Franklin Gestel
Batting: SHB Daniel Godart 0-0: Ground out 4-3 (Groundball, 34)
Batting: RHB Rob Berry 0-0: SINGLE (Line Drive, 4M)
Batting: LHB Steven Mitchell 0-0: SINGLE (Groundball, 34S) (infield hit)
Rob Berry to second
Batting: RHB Charlie Rhodes 0-0: Ball
1-0: Ball
2-0: Foul Ball, location: 2F
2-1: SINGLE (Groundball, 34D)
Rob Berry to third
Steven Mitchell to second
Pinch Hitting: LHB Jon Baxter 0-0: Called Strike
0-1: Ball
1-1: Swinging Strike
1-2: Ball
2-2: Strikes out looking
Pinch Hitting: LHB Jim Unknown 0-0: Swinging Strike
0-1: Swinging Strike
0-2: Ball
1-2: Ball
2-2: Strikes out swinging
Bottom of the 7th over - 0 run(s), 3 hit(s), 0 error(s), 3 left on base; San Antonio 2 - Lannister United 0
TOP OF THE 8TH
San Antonio BC batting - Pitching for Lannister United Lionhearts : LHP Stanford McCain
Now at 1B: Jim Unknown
Now at 3B: Jon Baxter
Batting: RHB Manny Álvarez 0-0: Called Strike
0-1: Ground out 6-3 (Groundball, 6)
Batting: LHB Earl Wiley 0-0: Ball
1-0: Ball
2-0: Ball
3-0: Called Strike
3-1: Swinging Strike
3-2: Strikes out swinging
Batting: RHB Abraham Phelps 0-0: Ball
1-0: Ball
2-0: Called Strike
2-1: Ball
3-1: Called Strike
3-2: Reached on error, E5 (Groundball, 5)
Batting: RHB Freddy Torres 0-0: Ball
1-0: Called Strike
1-1: Foul Ball, location: 2F
1-2: Fly out, F5 (Popup, 5L)
Top of the 8th over - 0 run(s), 0 hit(s), 1 error(s), 1 left on base; San Antonio 2 - Lannister United 0
BOTTOM OF THE 8TH
Lannister United Lionhearts batting - Pitching for San Antonio BC : RHP Jim Unknown
Now at 1B: Miguel García
Batting: LHB Jeff Lawson 0-0: Swinging Strike
0-1: Foul Ball, location: 2F
0-2: Ball
1-2: Ground out 6-3 (Groundball, 6)
Batting: RHB Felipe Campos 0-0: Called Strike
0-1: Fly out, F7 (Flyball, 7)
Batting: RHB Neil Sanderson 0-0: Ball
1-0: Fly out, F6 (Popup, 6D)
Bottom of the 8th over - 0 run(s), 0 hit(s), 0 error(s), 0 left on base; San Antonio 2 - Lannister United 0
TOP OF THE 9TH
San Antonio BC batting - Pitching for Lannister United Lionhearts : LHP Stanford McCain
Pitching: RHP Jim Unknown
Batting: SHB Anastasio Delgadilo 0-0: Foul Ball, location: 2F
0-1: SINGLE (Flyball, 78S)
Batting: RHB Ismael Sandoval 0-0: Ball
1-0: Foul Ball, location: 2F
1-1: Ball
2-1: Swinging Strike
2-2: Foul Ball, location: 2F
2-2: Strikes out looking
Batting: LHB Dawit Lihalakha 0-0: Ball
1-0: Ball
2-0: Ball
3-0: Base on Balls
Anastasio Delgadilo to second
Pinch Hitting: LHB Jim Unknown 0-0: Ball
1-0: Foul Ball, location: 2F
1-1: Ball
2-1: Foul Ball, location: 2F
2-2: Ball
3-2: Base on Balls
Anastasio Delgadilo to third
Dawit Lihalakha to second
Pinch Hitting: RHB León Cabrera 0-0: Foul Ball, location: 2F
0-1: Ball
1-1: Swinging Strike
1-2: Ball
2-2: Strikes out looking
Pinch Hitting: RHB José Perea 0-0: Ground out 3-1 (Groundball, 34)
Top of the 9th over - 0 run(s), 1 hit(s), 0 error(s), 3 left on base; San Antonio 2 - Lannister United 0
BOTTOM OF THE 9TH
Lannister United Lionhearts batting - Pitching for San Antonio BC : RHP Jim Unknown
Pitching: RHP Pepe Delgado
Now at C: León Cabrera
Now in LF: Gonzalo Durán
Now in RF: Jim Unknown
Batting: SHB Daniel Godart 0-0: Called Strike
0-1: Foul Ball, location: 2F
0-2: Foul Ball, location: 2F
0-2: Ball
1-2: Strikes out swinging
Batting: RHB Rob Berry 0-0: Called Strike
0-1: Called Strike
0-2: Ground out 6-3 (Groundball, 56)
Batting: LHB Steven Mitchell 0-0: Ball
1-0: Called Strike
1-1: Foul Ball, location: 2F
1-2: Ball
2-2: Ball
3-2: Strikes out swinging
Bottom of the 9th over - 0 run(s), 0 hit(s), 0 error(s), 0 left on base; San Antonio 2 - Lannister United 0
Saturday, May 26th, 2018 - OOTP Baseball 17.12 Build 75